Cogmind - Beta 15 @@@ ROGUE MODE // 2025.07.03 @ 21:27:43 Player: pyroperro Result: Self-destructed Performance ------------- Evolutions (0) 0 Regions Visited (4) 800 Robots Destroyed (28) 140 Value Destroyed (504) 504 Prototype IDs (1) 20 Alien Tech Used (0) 0 Bonus (0) 0 TOTAL SCORE: 1464 Bonus ------- None Cogmind --------- Core Integrity 36/250 Matter 287/300 Energy 280/280 System Corruption 2% Temperature Cool (0) Movement Treading (160) Location -9/Mines Parts ------- > --- POWER (1) -------- Heavy Ion Engine > --- PROPULSION (2) --- Light Treads Light Treads > --- UTILITY (2) ------ Large Storage Unit > --- WEAPON (2) ------- Assault Rifle Assault Rifle > --- INVENTORY (15) --- Heavy Ion Engine Huge Storage Unit Signal Interpreter Utility Shielding Hacking Suite Makeshift Laser Light Assault Rifle Rocket Launcher Datajack Mace Mace Makeshift Hammer Peak State ------------ > --- POWER ------------ Heavy Ion Engine > --- PROPULSION ------- Light Treads Light Treads > --- UTILITY ---------- Large Storage Unit Power Shielding > --- WEAPON ----------- Assault Rifle Makeshift Hammer > --- INVENTORY -------- Heavy Ion Engine Huge Storage Unit Signal Interpreter Utility Shielding Hacking Suite Assault Rifle Light Assault Rifle Datajack Mace Mace [Rating: 13] Favorites ----------- Power Heavy Ion Engine Engine Heavy Ion Engine Propulsion Light Treads Treads Light Treads Utility Large Storage Unit Device Seismic Detector Storage Large Storage Unit Protection Power Shielding Weapon Assault Rifle Ballistic Gun Assault Rifle Launcher Rocket Launcher Impact Weapon Makeshift Hammer Build | -11 -10 -10 -10 -9 ------- Run | Yrd Mat Min Exi Min Slots Evolved . | . . . . . Power . | . . . . . Propulsion . | . . . . . Utility . | . . . . . Weapon . | . . . . . Parts Attached 17 | 7 8 1 1 . Power 4 | 1 3 . . . Engine 4 | 1 3 . . . Core . | . . . . . Reactor . | . . . . . Propulsion 3 | 2 1 . . . Treads 3 | 2 1 . . . Leg . | . . . . . Wheel . | . . . . . Hover . | . . . . . Flight . | . . . . . Utility 5 | 2 3 . . . Device 1 | 1 . . . . Storage 3 | 1 2 . . . Processor . | . . . . . Hackware . | . . . . . Protection 1 | . 1 . . . Artifact . | . . . . . Weapon 5 | 2 1 1 1 . Energy Gun . | . . . . . Energy Cannon . | . . . . . Ballistic Gun 3 | 2 1 . . . Ballistic Cannon . | . . . . . Launcher 1 | . . . 1 . Special Weapon . | . . . . . Impact Weapon 1 | . . 1 . . Slashing Weapon . | . . . . . Piercing Weapon . | . . . . . Special Melee Weapon . | . . . . . Unidentified Prototypes 1 | . 1 . . . Parts Lost 2 | . 1 . 1 . Power . | . . . . . Propulsion . | . . . . . Utility 2 | . 1 . 1 . Weapon . | . . . . . Highest Loss Streak 1 | . 1 . 1 . To Critical Strikes . | . . . . . Average Backups 8 | 2 6 9 11 12 Power 1 | . 1 1 1 1 Propulsion . | . . . . . Utility 3 | . 3 4 4 4 Weapon 3 | . 1 3 5 6 Tool/Special . | . . . . . Unused Backups 11 | . 4 . . 7 Power 2 | . 1 . . 1 Propulsion 1 | . 1 . . . Utility 4 | . 1 . . 3 Weapon 3 | . 1 . . 2 Tool/Special 1 | . . . . 1 Average Slot Usage (%) 95 | . 99 100 89 85 Engine 13 | . 13 14 14 14 Treads 28 | . 28 28 28 28 Device 4 | . 8 . . . Storage 14 | . 14 14 14 14 Protection 5 | . 5 14 3 . Ballistic Gun 22 | . 27 25 14 26 Launcher 3 | . . . 10 1 Impact Weapon 1 | . . 2 3 . Peak Build Rating 13 | 7 10 13 13 11 Average Rating 9 | 5 8 10 11 10 On Entrance 8 | . 7 10 13 11 Naked Turns . | . . . . . Heaviest Build 35 | 12 32 34 35 32 Greatest Support 40 | 40 40 40 40 40 Greatest Overweight (x) 3 | 3 . . . . Average Overweight (x) . | . . . . . Largest Inventory Capacity 25 | 8 25 15 15 15 Average Capacity 11 | 7 9 15 15 15 Most Carried 12 | 3 9 11 12 12 Average Carried 8 | 2 6 9 11 12 Final Capacity 15 | 8 15 15 15 15 Final Carried 12 | 3 9 11 12 12 Class Distribution -------------------- 100% | Mutant Dominant Class ---------------- Mutant | -10/Materials Mutant | -10/Mines Mutant | -10/Exiles Mutant | -9/Mines Resources | -11 -10 -10 -10 -9 ----------- Run | Yrd Mat Min Exi Min Matter Collected 764 | 292 302 20 . 150 Remotely . | . . . . . Salvage Created 784 | 132 596 . 36 20 Parts 69 | 10 52 . . 7 Haulers Intercepted 2 | . 2 . . . Recyclers Shooed . | . . . . . Parts Field Recycled . | . . . . . Retrieved Matter . | . . . . . Parts Self-Destructed . | . . . . . Prevented . | . . . . . Kills | -11 -10 -10 -10 -9 ------- Run | Yrd Mat Min Exi Min Combat Hostiles Destroyed 18 | . 15 . . 3 Guns 16 | . 15 . . 1 AOE 2 | . . . . 2 Classes Destroyed 7 | 2 5 . . . Tunneler 3 | 3 . . . . Hauler 2 | . 2 . . . Recycler 1 | 1 . . . . Operator 1 | . 1 . . . Watcher 3 | . 3 . . . Swarmer 9 | . 6 . . 3 Grunt 9 | . 9 . . . Best Kill Streak 7 | 3 7 . . 3 Combat Bots Only 6 | . 6 . . 3 Max Kills in Single Turn 2 | 1 1 . . 2 Gunslinging . | . . . . . Exploded 2 | . . . . 2 Melee . | . . . . . Uniques/NPCs Destroyed . | . . . . . Combat | -11 -10 -10 -10 -9 -------- Run | Yrd Mat Min Exi Min Hostile Shots Fired 84 | . 80 . . 4 Missed 24 | . 24 . . . Hits 60 | . 56 . . 4 Projectile 60 | . 56 . . 4 Damage Taken 868 | . 531 . 306 31 Core 214 | . 62 . 152 . Absorbed by Shields . | . . . . . Regen/Repaired (Parts) 128 | . 128 . . . Core Remaining (%) 100 | 100 . . . . Volleys Fired 71 | 8 47 2 9 5 Largest 2 | 2 2 2 1 2 Hottest 40 | 40 40 40 33 40 Shots Fired 132 | 16 94 4 9 9 Gun 122 | 16 94 4 . 8 Cannon . | . . . . . Launcher 10 | . . . 9 1 Special . | . . . . . Kinetic 122 | 16 94 4 . 8 Thermal . | . . . . . Explosive 10 | . . . 9 1 Electromagnetic . | . . . . . Robot Hit Streak 15 | 4 15 . 2 3 Robot Miss Streak 3 | 1 3 . . 1 Penetration Max . | . . . . . Secondary Targets 1 | . 1 . . . Max Gunslinging Chain 1 | . 1 . . . Shots Hit Robots 81 | 10 65 . 1 5 Core Hits 51 | 6 36 . 6 3 Critical Kills 2 | 1 1 . . . Critical Parts Destroyed 1 | . 1 . . . Critical Strikes 3 | 1 2 . . . Destroy 3 | 1 2 . . . Melee Attacks 6 | . . 4 2 . Impact 6 | . . 4 2 . Slashing . | . . . . . Piercing . | . . . . . Sneak Attacks . | . . . . . Combat Hostiles . | . . . . . Follow-up Attacks . | . . . . . Damage Inflicted 1198 | 107 684 12 224 171 Guns 870 | 107 684 12 . 67 Cannons . | . . . . . Explosions 328 | . . . 224 104 Melee . | . . . . . Ramming . | . . . . . Kinetic 870 | 107 684 12 . 67 Thermal . | . . . . . Explosive 328 | . . . 224 104 Electromagnetic . | . . . . . Impact . | . . . . . Slashing . | . . . . . Piercing . | . . . . . Highest Corruption 2 | . . . 2 2 Average Corruption 2 | . . . 2 2 Corruption Purged . | . . . . . Corruption Blocked . | . . . . . Effects 9 | . . . 6 3 Message Errors 4 | . . . 1 3 Heat Flow Errors 1 | . . . 1 . Energy Discharges 1 | . . . 1 . Data Loss (minor) 1 | . . . 1 . Data Loss (major) 1 | . . . 1 . Alerts 1 | . . . 1 . Overload Shots . | . . . . . Overflow Damage . | . . . . . Projectiles . | . . . . . Explosions . | . . . . . Melee . | . . . . . Knockbacks . | . . . . . Impact . | . . . . . Kinetic . | . . . . . Secondary . | . . . . . Self-Inflicted Damage . | . . . . . Shots . | . . . . . Rammed . | . . . . . Targets Rammed . | . . . . . Kicked . | . . . . . Crushed . | . . . . . Highest Temperature 232 | . 22 2 232 . Average Temperature 27 | . 4 1 115 . Received Heat Transfer 144 | . 144 . . . Siege Activations . | . . . . . Martial Activations . | . . . . . Shielding Activations . | . . . . . Robots Disrupted . | . . . . . Combat Hostiles . | . . . . . Robots Corrupted . | . . . . . Combat Hostiles . | . . . . . Parts Fried . | . . . . . Impact Corruptions . | . . . . . Robots Melted . | . . . . . Combat Hostiles . | . . . . . Parts Melted . | . . . . . Heat Transferred . | . . . . . Parts Sabotaged . | . . . . . Parts Stolen . | . . . . . Parts Stripped . | . . . . . Power Chain Reactions . | . . . . . Alert | -11 -10 -10 -10 -9 ------- Run | Yrd Mat Min Exi Min Maximum Alert Level . | . . . . . Low Security (%) 100 | 100 100 100 . 100 Level 1 . | . . . . . Level 2 . | . . . . . Level 3 . | . . . . . Level 4 . | . . . . . Level 5 . | . . . . . High Security . | . . . . . Max Security . | . . . . . Peak Influence 137 | 10 137 1 . 80 Initial . | . . . . . Average 40 | 1 51 . . 60 Influence Increases 518 | 20 416 2 . 80 Destroy 0b10 Robot/C 360 | . 300 . . 60 Destroy 0b10 Robot/NC 50 | 20 30 . . . Destroy Leader 80 | . 70 . . 10 Successful Hack 16 | . 16 . . . Destroy Structure 12 | . . 2 . 10 Influence Decreases 478 | 20 416 2 . 40 Time Decay 468 | 20 406 2 . 40 Lost Part 10 | . 10 . . . Squads Dispatched 3 | . 3 . . . Investigation 2 | . 2 . . . Extermination . | . . . . . Reinforcement 1 | . 1 . . . Assault . | . . . . . Garrison . | . . . . . Intercept . | . . . . . Searches Triggered . | . . . . . Construction Impeded . | . . . . . Haulers Reinforced . | . . . . . Active Scanning Responses . | . . . . . Cargo Convoy Interrupts . | . . . . . Stealth | -11 -10 -10 -10 -9 --------- Run | Yrd Mat Min Exi Min Distress Signals . | . . . . . Communications Jammed . | . . . . . Distress Signals . | . . . . . Times Spotted 23 | . 22 . . 1 Peak Tracking Total 7 | . 7 . . 1 Tactical Retreats . | . . . . . Traps | -11 -10 -10 -10 -9 ------- Run | Yrd Mat Min Exi Min Traps Triggered 1 | . 1 . . . Indirectly . | . . . . . Trap Hack Attempts . | . . . . . Triggered . | . . . . . Disarmed . | . . . . . Reprogrammed . | . . . . . Reused . | . . . . . Traps Extracted . | . . . . . Installed . | . . . . . Triggered . | . . . . . Machines | -11 -10 -10 -10 -9 ---------- Run | Yrd Mat Min Exi Min Machines Disabled 1 | . . . 1 . Max in Single Turn 1 | . . . 1 . Machines Repaired . | . . . . . Machines Dismantled . | . . . . . Machines Sabotaged . | . . . . . Overloaded Fab Kills . | . . . . . Hacking | -11 -10 -10 -10 -9 --------- Run | Yrd Mat Min Exi Min Machines Accessed 9 | . 9 . . . Terminals 6 | . 6 . . . Fabricators . | . . . . . Repair Stations 1 | . 1 . . . Recycling Units 2 | . 2 . . . Scanalyzers . | . . . . . Garrison Access . | . . . . . Total Hacks 20 | . 20 . . . Successful 15 | . 15 . . . Failed 5 | . 5 . . . Catastrophic 1 | . 1 . . . Database Lockouts . | . . . . . Manual 12 | . 12 . . . Terminals 12 | . 12 . . . Fabricators . | . . . . . Repair Stations 6 | . 6 . . . Recycling Units 2 | . 2 . . . Scanalyzers . | . . . . . Garrison Access . | . . . . . Terminal Hacks 1 | . 1 . . . Hauler Manifests 1 | . 1 . . . Fabricator Hacks . | . . . . . Repair Station Hacks 6 | . 6 . . . Scan Component 3 | . 3 . . . Repair 3 | . 3 . . . Recycling Unit Hacks 1 | . 1 . . . Retrieve Components 1 | . 1 . . . Scanalyzer . | . . . . . Garrison Access Hacks . | . . . . . Unauthorized Hacks 7 | . 7 . . . Terminals 7 | . 7 . . . Botnet 1 | . 1 . . . Operators 1 | . 1 . . . Skim 5 | . 5 . . . Fabricators . | . . . . . Repair Stations . | . . . . . Recycling Units . | . . . . . Scanalyzers . | . . . . . Garrison Access . | . . . . . Data Cores Recovered . | . . . . . Used . | . . . . . Hacking Detections 5 | . 5 . . . Full Trace Events 2 | . 2 . . . Feedback Events . | . . . . . Feedback Blocked . | . . . . . Robot Schematics Acquired . | . . . . . Robots Built . | . . . . . Authchips . | . . . . . Time . | . . . . . Total Robot Build Rating . | . . . . . Part Schematics Acquired . | . . . . . Parts Built . | . . . . . Authchips . | . . . . . Time . | . . . . . Total Part Build Rating . | . . . . . Parts Repaired 3 | . 3 . . . Time 78 | . 78 . . . Parts Recycled . | . . . . . Recycled Matter . | . . . . . Retrieved Matter . | . . . . . Retrieved Components 1 | . 1 . . . Parts Scanalyzed . | . . . . . Part Schematics Acquired . | . . . . . Parts Damaged . | . . . . . Bothacking | -11 -10 -10 -10 -9 ------------ Run | Yrd Mat Min Exi Min Used RIF Installer . | . . . . . Robots Hacked . | . . . . . Non-combat . | . . . . . Combat . | . . . . . Robot Hacks Applied . | . . . . . Relay Couplers Released . | . . . . . Fabnet Peak Effective % . | . . . . . Robots Rewired . | . . . . . Allies Hacked . | . . . . . Hacks Repelled . | . . . . . Allies | -11 -10 -10 -10 -9 -------- Run | Yrd Mat Min Exi Min Total Allies 1 | . . 1 . . Largest Group 1 | . . 1 1 . Highest-Rated Group 31 | . . 31 31 . Highest-Rated Ally 31 | . . 31 31 . Total Orders . | . . . . . Ally Attacks . | . . . . . Total Damage . | . . . . . Kills . | . . . . . Allies Corrupted . | . . . . . Allies Melted . | . . . . . Intel | -11 -10 -10 -10 -9 ------- Run | Yrd Mat Min Exi Min Active Infowar (turns) 1007 | 12 995 . . . Seismic 1007 | 12 995 . . . Robot Analysis Total . | . . . . . Derelict Logs Recovered 1 | . . 1 . . Drone Launches . | . . . . . Drone Recoveries . | . . . . . Exploration | -11 -10 -10 -10 -9 ------------- Run | Yrd Mat Min Exi Min Turns Passed 3297 | 152 1681 384 993 87 Spaces Moved 1718 | 78 768 227 606 39 Core 13 | 13 . . . . Treads 1705 | 65 768 227 606 39 Legs . | . . . . . Wheels . | . . . . . Hover . | . . . . . Flight . | . . . . . Fastest Speed 50 | 50 160 160 160 160 Average Speed 159 | 150 160 160 160 160 Slowest Speed 200 | 200 160 160 160 160 Overloaded Moves . | . . . . . Propulsion Burnouts . | . . . . . Robots Hopped . | . . . . . Potential Cave-ins 5 | . . 2 3 . Cave-ins Triggered 1 | . . . 1 . Exploration Rate (%) 50 | 5 97 50 92 8 Regions Visited 4 Branch Regions 3 Pre-discovered Areas 4 | . 3 1 . . Known Exits Taken 1 | . . 1 . . Unknown Exits Taken 3 | 1 1 . 1 . Scrap Searched 2 | . . 1 . 1 Spaces Dug 55 | . . 4 51 . Terrain Destroyed 74 | . . 4 58 12 Melee 4 | . . 4 . . Projectile . | . . . . . AOE 70 | . . . 58 12 Terrain Rammed . | . . . . . Walls Destroyed . | . . . . . Machines Disabled . | . . . . . Actions | -11 -10 -10 -10 -9 --------- Run | Yrd Mat Min Exi Min Total 2146 | 95 1139 240 618 54 Wait 301 | . 287 5 . 9 Move 1713 | 77 767 226 604 39 Hop . | . . . . . Pick Up 19 | 3 13 2 1 . Fast Attach 11 | 7 4 . . . Attach 1 | . 1 . . . Detach 1 | . 1 . . . Swap 10 | . 7 1 1 1 Drop 12 | . 12 . . . Fire 71 | 8 47 2 9 5 Melee 6 | . . 4 2 . Ram . | . . . . . Kick . | . . . . . Crush . | . . . . . Escape Stasis 1 | . . . 1 . Rewire . | . . . . . Trap . | . . . . . Miscellaneous . | . . . . . Route ------- -11/Scrapyard -10/Materials (discovered 6 exits: [*Mat x3] / [*Min x2] / *Sub) -10/Mines (discovered 3 exits: [*Mat] / *Exi / Sub) -10/Exiles (discovered 2 exits: [*Min x2]) -9/Mines History --------- Turn | Location | Event 29 | -11/Scrapyard | Discovered new exit (range 13) 153 | -11/Scrapyard | Entered Materials 314 | -10/Materials | Build established: Mutant 544 | -10/Materials | Repaired Lgt. Assault Rifle 572 | -10/Materials | Repaired Assault Rifle 599 | -10/Materials | Repaired Ion Engine 675 | -10/Materials | Discovered new exit (range 15) 800 | -10/Materials | Discovered new exit (range 5) 875 | -10/Materials | Discovered new exit (range 6) 1054 | -10/Materials | Discovered new exit (range 9) 1274 | -10/Materials | Discovered new exit (range 8) 1427 | -10/Materials | Learned Storage trap positions 1473 | -10/Materials | Loaded intel: 7 trap records 1507 | -10/Materials | Learned location of Subcaves (-10) 1527 | -10/Materials | Discovered new exit (range 15) 1547 | -10/Materials | Learned 4 Recycling zone layouts 1565 | -10/Materials | Learned 2 Mines zone layouts 1589 | -10/Materials | Learned 2 Storage zone layouts 1668 | -10/Materials | Learned location of Mines (-9) 1834 | -10/Materials | Entered Mines 1835 | -10/Mines | Identified exit to Subcaves 1836 | -10/Mines | Identified exit to Exiles 1847 | -10/Mines | Met a Derelict bent on vengeance 1857 | -10/Mines | Learned location of Zion (-6) 1951 | -10/Mines | A weapon hastily lodged in a ceiling crevice suddenly fell to the ground 1974 | -10/Mines | Discovered new exit (range 13) 2079 | -10/Mines | Received a Mining Laser from a helpful Derelict 2167 | -10/Mines | Received a Rocket Launcher from a helpful Derelict 2210 | -10/Mines | Deemed a non-threat by the Exiles lab entrance 2218 | -10/Mines | Entered Exiles 2218 | -10/Exiles | Found Exiles lab destroyed 2218 | -10/Exiles | Accompanied by 1 ally 2476 | -10/Exiles | Crushed by falling debris 2477 | -10/Exiles | Core integrity fell below 50% 2477 | -10/Exiles | Core integrity fell below 20% 2865 | -10/Exiles | Discovered new exit (range 14) 3190 | -10/Exiles | Discovered new exit (range 15) 3211 | -10/Exiles | Entered Mines 3298 | -9/Mines | Self-destructed Last Messages --------------- LOCATION=UNKNOWN GOAL=ESCAPE 03211_ S-10 Pest destroyed. 03218_ :QZ0TQW 03218_ S-10 Pest destroyed. 03224_ Acquired 8 matter. 03229_ Acquired 5 matter. 03234_ Acquired 7 matter. 03256_ Searching scrap... 03256_ Found Lgt. Cannon. 03256_ Found 64 Matter. 03256_ Found Med. Matter Pod. 03256_ Found Lgt. EM Pulse Cannon. 03256_ Found 66 Matter. 03257_ Acquired 66 matter. 03257_ Acquired 64 matter. 03259_ LUF4KLMGGI=ZIRLTGOY76 9U5SX35X:BZC= 03267_ T-07 Excavator is excavating. 03286_ X#IJK9B3X8BILTH O:DXNS:IEJ%RHR 03288_ T-07 Excavator is excavating. Map ----- +----------------------------------------------------+ | | | | | | | ???????????????????????????????????????????????? | | ???????????????????????????????????????????????? | | ???????????????????????????????????????????????? | | ???????????????????????????????????????????????? | | ???????????????????????????????????????????????? | | ???????????????????????????????????????????????? | | ???????????????????????????????????????????????? | | ????????????????????????????##########?????????? | | ????????????????????????????# """ #?????????? | | ????????????????????????????# """ #?????????? | | ????????????????????????????# """ #?????????? | | ?????????????????????????####[ #?????????? | | ?????????????????# ####### = #?????????? | | ?????????????????# #?????????? | | ?????????????????# ######t## =[ = #?????????? | | ?????????????????????####!# * = #?????????? | | ?????????????????????# ] # #####?????????? | | ?????????????????????# ##]########?????????????? | | ?????????????????????#??# #????????????????????? | | ????????????????????????# #????????????????????? | | ????????????????????????# #???#####????????????? | | ????????????????????????# ##### ##???????????? | | ????????????????????????#@ #???????????? | | ????????????????????????####### #??????????? | | ??????????????????????????????## ##??????????? | | ???????????????????????????????## #???????????? | | ?????????????????????????????????###???????????? | | ???????????????????????????????????????????????? | | ???????????????????????????????????????????????? | | ???????????????????????????????????????????????? | | ???????????????????????????????????????????????? | | ???????????????????????????????????????????????? | | ???????????????????????????????????????????????? | | ???????????????????????????????????????????????? | | ???????????????????????????????????????????????? | | ???????????????????????????????????????????????? | | ???????????????????????????????????????????????? | | ???????????????????????????????????????????????? | | ???????????????????????????????????????????????? | | ???????????????????????????????????????????????? | | ???????????????????????????????????????????????? | | ???????????????????????????????????????????????? | | ???????????????????????????????????????????????? | | ???????????????????????????????????????????????? | | ???????????????????????????????????????????????? | | ???????????????????????????????????????????????? | | ???????????????????????????????????????????????? | +----------------------------------------------------+ Best States ------------- Heat Dissipation 25 Energy Generation 14 Energy Capacity 280 Matter Stores 300 Matter Capacity 300 Sight Range 16 Terrain Scan Density 10 Power Shielding 33 Evasion (%) 40 Recoil Reduction 2 Item Schematics ----------------- None Robot Schematics ------------------ None Fabricated ------------ Nothing Repaired ---------- Lgt. Assault Rifle | 41% | -10/Materials Assault Rifle | 44% | -10/Materials Ion Engine | 58% | -10/Materials Alien Tech Used ----------------- None Achievements -------------- None Challenges ------------ None Game ------ Seed CompositeWeaponsStrikerail Manual? 0 Play Time 00:22:59 Cumulative 19.6 hours Start 2025.07.03 @ 00:56:00 End 2025.07.03 @ 21:27:43 Sessions 3 Manual Loads 0 Difficulty Rogue Special Mode None Game No. 18 Rogue 18 Adventurer 0 Explorer 0 Win Type - Total 1 Types 1/0/0/0/0/0/0/0/0/0 Lore% 16 Gallery% 25 Achievement% 27 Wizard Run 0 Options --------- Layout 2 ASCII 0 Keyboard 0 Movement Mouse Keybinds 0 Fullscreen 1 Font 24/Smallcaps Map View 50x44 Zoom Use 0% Tactical HUD 1 Map Filters NONE Filters NONE Steam 1 RUN: d0589d2e-c57b-45aa-af61-a6431a11d01e